AoeStats
← Rafelso

Arabia

508721114Analyzed
1v1 RM · 10d ago on Sep 23, 2026· 36m 20s· 2 players
Game mode
Random Map
Map size
Tiny (2 player)
Population
200
Speed
Normal
Resources
Standard
Victory
Conquest
Starting age
Dark Age
Ending age
Imperial Age
RankedLock teamsTeams togetherTeam positionsShared explorationLock speedFull tech treeHidden civsTurbo modeCheats
Victory
Defeat
🇫🇷 Burgundians · France
1737
+16
🇨🇴 Malians · Colombia
1739
-16
Rafelso
3:01 Double-Bit Axe
6:38 Loom
8:51 Feudal Age
13:18 Horse Collar
14:15 Bow Saw
16:10 Fletching
20:41 Horse Collar
22:11 Wheelbarrow
24:53 Castle Age
22:54 Arson
23:39 Scale Mail Armor
23:52 Heavy Plow
24:39 Forging
25:45 Squires
26:01 Chain Mail Armor
25:18 Elite Skirmisher
26:47 Hand Cart
29:15 Gold Mining
30:24 Padded Archer Armor
30:23 Bodkin Arrow
30:53 Padded Archer Armor
31:44 Town Watch
32:34 Ballistics
33:03 Leather Archer Armor
36:15 Imperial Age
34:10 Husbandry
36:57 Bracer
38:00 Chemistry
PandaThicc
6:42 Loom
8:52 Feudal Age
9:20 Double-Bit Axe
9:04 Man-at-Arms
16:44 Horse Collar
17:31 Fletching
23:51 Castle Age
22:13 Gold Mining
23:53 Crossbowman
28:59 Bow Saw
29:27 Padded Archer Armor
29:22 Bodkin Arrow
29:29 Elite Skirmisher
Connection lost

Rejoining the realm…

Still unreachable

The connection could not be restored.

Session expired

The server has moved on; the page needs a fresh start.